 Dungeon Crawl Stone Soup version 0.31-a0-925-g0a390f2509 (webtiles) character file.

Game seed: 12482981388227137394

1967 Persephone the Mimic (level 9, -7/38 HPs)
             Began as a Felid Shapeshifter on Oct 18, 2023.
             Was a Follower of Trog.
             Mangled by a steam dragon (10 damage)
             ... on level 7 of the Dungeon.
             The game lasted 00:14:24 (6331 turns).

Persephone the Mimic (Felid Shapeshifter)           Turns: 6331, Time: 00:14:24

Health: -7/38      AC:  2    Str: 14    XL:     9   Next: 0%
Magic:  0/10       EV: 17    Int: 12    God:    Trog [*.....]
Gold:   522        SH:  0    Dex: 15    Spells: 8/8 levels left
                                        Lives:  0   Deaths: 3

rFire   . .          .
                       - Unarmed
rCold   . . .        (shield unavailable)
rNeg    . . .        (body armour unavailable)
rPois   .            (helmet unavailable)
rElec   .            (cloak unavailable)
rCorr   .            (gloves unavailable)
SInv    +            (boots unavailable)
Will    +....        h - amulet of guardian spirit
Stlth   +            (no ring)
HPRegen 0.26/turn    (no ring)
MPRegen 0.12/turn

%: guardian spirit
@: beast-form, quick
A: beast (slay +4), very small, claws 1, fangs 3, see invisible, speed 1, shaggy
fur 2, stealthy paws, no weapons or thrown items, no armour, multi-lived
a: Begin Untransformation, Renounce Religion, Berserk


You were on level 7 of the Dungeon.
You worshipped Trog.
Trog was aware of your devotion.
You were a hulking beast.
You visited 2 branches of the dungeon, and saw 8 of its levels.
You also visited: Sewer and Ossuary.

You collected 522 gold pieces.

Inventory:

Jewellery
 e - an amulet of magic regeneration
 h - an amulet of guardian spirit (around neck)
 k - an amulet of regeneration
Talismans
 b - a beast talisman (active)
 c - a flux talisman
 j - a dragon-blood talisman
Wands
 r - a wand of mindburst (5)
 u - a wand of flame (26)
 v - a wand of roots (11)
Scrolls
 d - 2 scrolls of enchant armour
 f - 5 scrolls of identify
 m - 2 scrolls of teleportation
 n - 2 scrolls of fear {unknown}
 q - 3 scrolls of poison
 y - a scroll of immolation {unknown}
Potions
 a - 3 potions of lignification
 g - 3 potions of brilliance
 i - a potion of resistance
 l - 3 potions of attraction
 o - a potion of haste
 p - a potion of magic
 s - 4 potions of curing
 t - a potion of heal wounds {unknown}
 w - a potion of might
 x - a potion of cancellation
 z - a potion of enlightenment


   Skills:
 - Level 3.6 Fighting
 - Level 2.6 Dodging
 - Level 6.0 Unarmed Combat
 + Level 10.4 Shapeshifting


You had 8 spell levels left.
You didn't know any spells.
Your spell library contained the following spells:

 Spells                   Type           Power      Damage    Failure   Level
 Sting                    Tmut/Pois      0%         1d3       32%         1
 Poisonous Vapours        Pois/Air       0%         N/A       45%         2
 Wereblood                Tmut           0%         N/A       45%         2
 Call Canine Familiar     Summ           0%         N/A       69%         3
 Sigil of Binding         Hex            0%         N/A       69%         3
 Leda's Liquefaction      Hex/Erth       0%         N/A       97%         4
 Olgreb's Toxic Radiance  Pois           0%         N/A       97%         4
 Irradiate                Conj/Tmut      0%         3d11      100%        5
 Dimensional Bullseye     Hex/Tloc       Unusable   N/A       N/A         4

Dungeon Overview and Level Annotations

Branches:
Dungeon (7/15)             Temple (1/1) D:5           Sewer (visited)
Ossuary (visited)

Altars:
Cheibriados
Dithmenos
Elyvilon
Fedhas
Gozag
Hepliaklqana
Makhleb
Nemelex Xobeh
Okawaru
Qazlal
Ru
Sif Muna
Trog
Uskayaw
Vehumet
Wu Jian
Yredelemnul


Innate Abilities, Weirdness & Mutations

You are a hulking beast.
Your limbs bulge with bestial killing power. (Slay +4)
You have sharp claws.
You have razor-sharp teeth.
You have supernaturally acute eyesight. (SInv)
You cover ground quickly. (Speed+)
You are covered in thick fur. (AC +2)
Your paws help you pounce on unaware monsters.
You are incapable of wielding weapons or throwing items.
You cannot wear armour.
You gain extra lives every three experience levels.


Message History

A kobold comes into view. It is wielding a +0 dagger.
A kobold comes into view. It is wielding a +0 dagger.
The kobold shouts!
The steam dragon breathes steam at you. The ball of steam hits you!
You hear a shout! x2
You claw the steam dragon!
You bite the steam dragon, but do no damage.
The steam dragon is moderately wounded.
You are engulfed in a cloud of scalding steam.
The steam dragon completely misses you. The steam dragon claws you.
A kobold brigand comes into view.
It is wielding a +0 dagger and quivering poisoned darts.
You are too injured to fight recklessly!
You scratch the steam dragon.
The steam dragon is moderately wounded.
You are engulfed in a cloud of scalding steam.
The steam dragon bites you but does no damage.
The steam dragon claws you but does no damage.
You scratch the steam dragon.
The steam dragon is moderately wounded.
You are engulfed in a cloud of scalding steam.
The steam dragon barely misses you. x2
You closely miss the steam dragon.
The steam dragon is moderately wounded.
You are engulfed in a cloud of scalding steam.
* * * LOW HITPOINT WARNING * * *
The kobold closely misses you. The steam dragon bites you!
* * * LOW HITPOINT WARNING * * *
The steam dragon closely misses you.
Okay, then.
Okay, then.
You feel better.
You are engulfed in a cloud of scalding steam.
A kobold comes into view. It is wielding a +0 club.
The kobold hits you with a +0 dagger. The steam dragon bites you!
* * * LOW HITPOINT WARNING * * *
The steam dragon completely misses you.
The kobold shouts!
The steam dragon bites you!
You die...

######### ###........
.#########.#.###########
.K....D...#.........>...
.####KKh........########
#.#K#######.# #.#.# #.#
#.#.# #.# #.#.# #.#
#.#.# #.#
#.#.#######.#####..
######.#....##......:...
#..†..#..<.......#####..


You could see a steam dragon, a kobold brigand and 3 kobolds.

Vanquished Creatures
  A hornet (D:5)
  Sigmund (D:2)
  Edmund (D:4)
  A water moccasin (D:5)
  A sky beast (D:7)
  An ogre (D:5)
  4 phantoms
  2 scorpions
  2 jellies
  4 hounds
  2 orc priests
  Jessica (D:2)
  3 iguanas
  2 sleepcaps (D:5)
  An orc wizard (D:5)
  8 mummies (Ossuary)
  10 adders
  4 gnolls (D:5)
  5 river rats
  A shadow imp (D:7)
  A white imp (D:6)
  A worm (D:2)
  2 dart slugs
  9 orcs
  4 bats
  5 endoplasms
  4 giant cockroaches
  2 gnoll zombies (Ossuary)
  6 hobgoblins
  3 quokkas
  13 ball pythons
  8 frilled lizards
  5 goblins
  A hobgoblin zombie (Ossuary)
  9 kobolds
  4 kobold zombies (Ossuary)
  An orc zombie (Ossuary)
  12 rats
145 creatures vanquished.

Notes
Turn   | Place    | Note
-------+----------+-------------------------------------------
     0 | D:1      | Persephone the Felid Shapeshifter began the quest for the
                  | Orb.
     0 | D:1      | Reached XP level 1. HP: 9/9 MP: 2/2
   293 | D:1      | Reached XP level 2. HP: 7/12 MP: 3/3
  1203 | D:2      | Reached XP level 3. HP: 15/15 MP: 4/4
  1249 | D:2      | Noticed Jessica
  1264 | D:2      | Slain by Jessica
  1276 | D:2      | Killed Jessica
  1291 | D:2      | You fall into a shaft and drop 2 floors!
  1412 | D:3      | Reached XP level 4. HP: 3/19 MP: 2/5
  1483 | D:3      | Noticed a phantom
  1495 | D:3      | Killed a phantom
  1496 | D:3      | Reached skill level 4 in Shapeshifting
  1496 | D:3      | Reached XP level 5. HP: 20/23 MP: 3/6
  1915 | D:2      | Noticed Sigmund
  1922 | D:2      | Killed Sigmund
  1923 | D:2      | Reached skill level 5 in Unarmed Combat
  1923 | D:2      | Gained mutation: You are covered in thick fur. (AC +2)
                  | [Felid growth]
  1923 | D:2      | Reached XP level 6. HP: 21/28 MP: 2/7
  2195 | D:2      | Identified the +2 dagger of the Lamprey {venom, rElec rC+++
                  | MP+9 Int-2}
  2372 | D:4      | Found a hide-covered altar of Uskayaw.
  2395 | D:4      | Noticed a +0 hand axe
  2396 | D:4      | Noticed a +0 hand axe
  2623 | D:4      | Noticed Edmund
  2632 | D:4      | Killed Edmund
  2788 | D:4      | Reached XP level 7. HP: 31/31 MP: 8/8
  2998 | D:4      | Reached skill level 5 in Shapeshifting
  3209 | D:5      | Entered Level 5 of the Dungeon
  3283 | D:5      | Reached skill level 6 in Shapeshifting
  3316 | D:5      | Found a staircase to the Ecumenical Temple.
  3332 | D:5      | Found a glowing drain.
  3358 | D:5      | HP: 1/31 [orc/+0 trident (5)]
  3367 | D:5      | HP: 1/31 [scorpion (4)]
  3372 | D:5      | Slain by a scorpion
  3479 | D:5      | HP: 1/31 [scorpion (4)]
  3480 | D:5      | Succumbed to a scorpion's poison
  3506 | D:5      | Reached skill level 7 in Shapeshifting
  3519 | D:5      | Reached XP level 8. HP: 12/35 MP: 4/9
  3636 | Temple   | Entered the Ecumenical Temple
  3651 | Temple   | Became a worshipper of Trog the Wrathful
  3694 | Sewer    | Entered a sewer
  3770 | Sewer    | Reached skill level 8 in Shapeshifting
  4301 | D:5      | Reached * piety under Trog
  4438 | D:5      | Noticed a hornet
  4443 | D:5      | Paralysed by a hornet for 2 turns
  4452 | D:5      | Killed a hornet
  4453 | D:5      | Reached skill level 9 in Shapeshifting
  5039 | D:6      | Found a sand-covered staircase.
  5048 | Ossuary  | Entered an ossuary
  5641 | D:6      | Found a snail-covered altar of Cheibriados.
  5651 | D:6      | Reached skill level 10 in Shapeshifting
  6037 | D:6      | Found a radiant altar of Vehumet.
  6257 | D:7      | Reached XP level 9. HP: 29/38 MP: 7/10
  6331 | D:7      | Mangled by a steam dragon

Illustrated notes

Levels and vault maps discovered:
D:1:      spicycebolla_arrival_xxxplode, layout_loops_corners, minivault_27
D:2:      layout_loops_cross, corexii_leaking_fountain, st_stairs_6,
          kennysheep_doodads, minmay_crystal_room, uniq_sigmund, uniq_jessica
D:3:      layout_rooms, minmay_misc_feat_columns
D:4:      layout_basic, dancing_weapons_uskayaw, nrook_mini_vaults,
          dk_noncrumbling_2, uniq_edmund
D:5:      layout_cave_pools, minmay_temple_entry_proselytizer,
          portal_sewer_entry_c
D:6:      layout_loops_ring, vehumet_altar_wand_db, mainiacjoe_overflow_paths,
          lightli_ossuary_entry_decrepit_ruins
D:7:      layout_loops_ring, old_standard_altar, amcnicky_altar_gilded
Temple:   nicolae_temple_ecumenical_triangle

Skill      XL: |  1  2  3  4  5  6  7  8 |
---------------+-------------------------+-----
Unarmed Combat | 4 5 6 |  6.0
Fighting       | 2 3 |  3.6
Shapeshifting  | 4 7 10 | 10.4
Dodging        | |  2.6

Action                     |  1- 3 |  4- 6 |  7- 9 || total
---------------------------+-------+-------+-------++-------
  Melee: Unarmed           |    88 |    64 |   266 ||   418
         Bite              |     4 |     6 |    29 ||    39
         Punch             |       |     2 |    20 ||    22
 Invoke: Berserk           |       |       |     3 ||     3
Ability: Begin Untransform |     1 |       |       ||     1
    Use: Scroll            |     2 |     6 |     8 ||    16
         Potion            |       |     1 |     9 ||    10
   Stab: Sleeping          |     2 |     2 |     3 ||     7
 Armour: Skin              |    22 |    12 |   159 ||   193
  Dodge: Dodged            |    65 |    41 |   237 ||   343
   Form: Beast             |     1 |       |     1 ||     2
         Dragon            |       |       |     1 ||     1

Table legend: (Time is in decaauts)
 A = Elapsed time spent in this place.
 B = Non-inter-level travel time spent in this place.
 C = Inter-level travel time spent in this place.
 D = Time resting spent in this place.
 E = Time spent auto-exploring this place.
 F = Levels seen in this place.
 G = Mean time per level.
                   A        B        C        D        E       F      G
               +--------+--------+--------+--------+--------+-----+--------+
         Total |   5522 |   5358 |    164 |      0 |   4229 |  10 |  552.2 |
       Dungeon |   4657 |   4515 |    142 |      0 |   3654 |   7 |  665.3 |
        Temple |    133 |    111 |     22 |      0 |    106 |   1 |  133.0 |
         Sewer |    294 |    294 |      0 |      0 |    216 |   1 |  294.0 |
       Ossuary |    437 |    437 |      0 |      0 |    252 |   1 |  437.0 |
               +--------+--------+--------+--------+--------+-----+--------+

Top non-repeatable levels by time:
     D:5: 1046 daAuts
     D:1: 853 daAuts
     D:4: 839 daAuts
     D:6: 786 daAuts
     D:2: 594 daAuts
 Ossuary: 437 daAuts
     D:3: 425 daAuts
   Sewer: 294 daAuts
  Temple: 133 daAuts
     D:7: 110 daAuts
